[Event "Julius Baer Generation Cup Prelims 2022"]
[Site "Online"]
[Date "2022.09.14"]
[Round "1.2"]
[White "Ivanchuk, Vasyl"]
[Black "Praggnanandhaa R"]
[Result "0-1"]
[ECO "C78"]
[WhiteElo "2678"]
[BlackElo "2676"]
[Annotator "ChessBase"]
[PlyCount "76"]
[EventDate "2022.09.12"]
[EventType "tourn"]
[EventCountry "NET"]
[SourceTitle "playchess.com"]
[Source "ChessBase"]
[SourceQuality "1"]
[TimeControl "900+10"]

1. e4 e5 2. Nf3 Nc6 3. Bb5 a6 4. Ba4 Nf6 5. O-O b5 6. Bb3 Bc5 7. a4 Rb8 8. c3 d6 9. d4 Bb6 10. Na3 O-O 11. axb5 axb5 12. Nxb5 Bg4 13. Bc2 Bxf3 14. gxf3 Nh5 15. f4 Qh4 16. fxe5 dxe5 17. Kh1 Bxd4 18. Nxd4 exd4 19. cxd4 Rb4 20. Be3 Rxb2 21. Rg1 Qh3 22. Bd3 Nb4 23. Bf1 Qh4 24. Qf3 Nf6 25. e5 Ne4 26. Be2 h5 27. Rg2 Nd5 28. Rag1 g6 29. Bh6 Rfb8 30. e6 Ndf6 31. exf7+ Kxf7 32. Be3 g5 33. Rxg5 Nxg5 34. Bc4+ Ne6 35. d5 Qxc4 36. dxe6+ Qxe6 37. Qg3 Qc6+ 38. f3 Rg8 0-1

[Event "Julius Baer Generation Cup Prelims 2022"]
[Site "Online"]
[Date "2022.09.14"]
[Round "1.3"]
[White "Duda, Jan-Krzysztof"]
[Black "Aronian, Levon"]
[Result "1/2-1/2"]
[ECO "C67"]
[WhiteElo "2731"]
[BlackElo "2759"]
[Annotator "ChessBase"]
[PlyCount "120"]
[EventDate "2022.09.12"]
[EventType "tourn"]
[EventCountry "NET"]
[SourceTitle "playchess.com"]
[Source "ChessBase"]
[SourceQuality "1"]
[TimeControl "900+10"]

1. e4 e5 2. Nf3 Nc6 3. Bb5 Nf6 4. O-O Nxe4 5. Re1 Nd6 6. Nxe5 Be7 7. Bf1 Nxe5 8. Rxe5 O-O 9. d4 Bf6 10. Re1 Re8 11. c3 Rxe1 12. Qxe1 Ne8 13. a4 d5 14. a5 c6 15. Bf4 g6 16. Nd2 Ng7 17. Nb3 Ne6 18. Be5 Bd7 19. Qe3 Qe7 20. Re1 Re8 21. h3 Bg5 22. Qg3 Bh4 23. Qh2 Qd8 24. Bg3 Bf6 25. Bd6 b6 26. a6 Bh4 27. Nc1 c5 28. dxc5 bxc5 29. Bg3 Bf6 30. Nd3 Bb5 31. Be5 Bxd3 32. Bxf6 Qxf6 33. Bxd3 c4 34. Bf1 Rd8 35. h4 h5 36. Qg3 Nc5 37. Qc7 Nxa6 38. Qxa7 Nb8 39. g3 Nc6 40. Qc7 Qd6 41. Qxd6 Rxd6 42. Rd1 Rd8 43. Bg2 Ne7 44. Kf1 Kg7 45. Rd4 Kf6 46. b3 cxb3 47. Rb4 Rc8 48. Rb6+ Kg7 49. Rxb3 Rc4 50. Ke2 d4 51. Kd3 Rxc3+ 52. Rxc3 dxc3 53. Kxc3 Kf6 54. Kd3 Nf5 55. Ke4 Nh6 56. Bh3 Ng8 57. Kf4 Ne7 58. Ke4 Ng8 59. Kf4 Ne7 60. Ke4 Ng8 1/2-1/2

[Event "Julius Baer Generation Cup Prelims 2022"]
[Site "Online"]
[Date "2022.09.14"]
[Round "1.4"]
[White "Gelfand, Boris"]
[Black "Niemann, Hans Moke"]
[Result "0-1"]
[ECO "E11"]
[WhiteElo "2668"]
[BlackElo "2688"]
[Annotator "ChessBase"]
[PlyCount "40"]
[EventDate "2022.09.12"]
[EventType "tourn"]
[EventCountry "NET"]
[SourceTitle "playchess.com"]
[Source "ChessBase"]
[SourceQuality "1"]
[TimeControl "900+10"]

1. d4 Nf6 2. c4 e6 3. Nf3 d5 4. g3 Bb4+ 5. Bd2 Be7 6. Bg2 O-O 7. O-O Nbd7 8. Qc2 c6 9. Nc3 dxc4 10. Ne4 Nxe4 11. Qxe4 Nf6 12. Qc2 b5 13. b3 Bb7 14. bxc4 c5 15. cxb5 cxd4 16. a4 Be4 17. Qb2 Qd5 18. Rfd1 Rac8 19. Bf4 e5 20. Bg5 Rc2 0-1

[Event "Julius Baer Generation Cup Prelims 2022"]
[Site "Online"]
[Date "2022.09.14"]
[Round "1.5"]
[White "Yoo, Christopher Woojin"]
[Black "Navara, David"]
[Result "0-1"]
[ECO "D38"]
[WhiteElo "2563"]
[BlackElo "2681"]
[Annotator "ChessBase"]
[PlyCount "106"]
[EventDate "2022.09.12"]
[EventType "tourn"]
[EventCountry "NET"]
[SourceTitle "playchess.com"]
[Source "ChessBase"]
[SourceQuality "1"]
[TimeControl "900+10"]

1. d4 Nf6 2. Nf3 d5 3. c4 e6 4. Nc3 Bb4 5. Bg5 h6 6. Bxf6 Qxf6 7. Qb3 c5 8. cxd5 exd5 9. e3 O-O 10. dxc5 Bxc3+ 11. Qxc3 Qxc3+ 12. bxc3 Nd7 13. Rd1 Nf6 14. Bd3 Bg4 15. Rb1 Nd7 16. c6 bxc6 17. Nd4 Ne5 18. Be2 Rfb8 19. Kd2 Rb6 20. f3 Bh5 21. g4 Bg6 22. Nf5 Bxf5 23. gxf5 Rab8 24. Rxb6 Rxb6 25. Kc2 Kf8 26. a4 a5 27. Rd1 Ke7 28. e4 dxe4 29. fxe4 g5 30. h3 f6 31. Rg1 Rb8 32. Rd1 Nd7 33. Bc4 h5 34. Be2 h4 35. Rd4 Rd8 36. Rc4 Ne5 37. Rd4 g4 38. hxg4 h3 39. Rxd8 Kxd8 40. Bf1 h2 41. Bg2 Nxg4 42. Kd2 Kd7 43. Ke2 Ne5 44. Kf2 Nd3+ 45. Kg3 Nc5 46. e5 fxe5 47. f6 Nxa4 48. Kg4 Nxc3 49. Kf5 Nd5 50. Be4 Nxf6 51. Kxf6 a4 52. Kxe5 a3 53. Kf4 a2 0-1

[Event "Julius Baer Generation Cup Prelims 2022"]
[Site "Online"]
[Date "2022.09.14"]
[Round "1.7"]
[White "Keymer, Vincent"]
[Black "Adhiban, B.."]
[Result "1/2-1/2"]
[ECO "A85"]
[WhiteElo "2693"]
[BlackElo "2603"]
[Annotator "ChessBase"]
[PlyCount "55"]
[EventDate "2022.09.12"]
[EventType "tourn"]
[EventCountry "NET"]
[SourceTitle "playchess.com"]
[Source "ChessBase"]
[SourceQuality "1"]
[TimeControl "900+10"]

1. Nf3 f5 2. d4 Nf6 3. c4 g6 4. Nc3 Bg7 5. e3 O-O 6. b4 d6 7. Bb2 e5 8. dxe5 dxe5 9. Qxd8 Rxd8 10. Nxe5 Nc6 11. Nxc6 bxc6 12. Rd1 Rxd1+ 13. Nxd1 a5 14. b5 cxb5 15. cxb5 Be6 16. a3 Rd8 17. Be2 Ne4 18. Bxg7 Kxg7 19. f3 Nd2 20. Nb2 Nb1 21. Kf2 Nxa3 22. Ra1 Rd2 23. Rxa3 Rxb2 24. Ke1 Rb1+ 25. Kf2 Rb2 26. Ke1 Rb1+ 27. Kd2 Rb2+ 28. Ke1 1/2-1/2

[Event "Julius Baer Generation Cup Prelims 2022"]
[Site "Online"]
[Date "2022.09.14"]
[Round "1.8"]
[White "Erigaisi Arjun"]
[Black "Carlsen, Magnus"]
[Result "0-1"]
[ECO "B06"]
[WhiteElo "2725"]
[BlackElo "2861"]
[Annotator "TA"]
[PlyCount "52"]
[EventDate "2022.09.12"]
[EventType "tourn"]
[EventCountry "NET"]
[SourceTitle "playchess.com"]
[Source "ChessBase"]
[SourceQuality "1"]
[TimeControl "900+10"]

1. e4 g6 2. d4 d6 3. Nc3 Bg7 4. Be3 a6 5. Qd2 b5 6. f3 Nd7 7. h4 Ngf6 {[%emt 0:00:05] B06: Modern Defence.} 8. O-O-O h5 {[%emt 0:02:47] Prevents g4. 8...Nb6 is becoming the main line.} 9. e5 b4 {[%emt 0:00:02] [#] The position is equal.} 10. Nb1 $146 ({Predecessor:} 10. Na4 Nd5 11. Bg5 c6 12. exd6 Qa5 13. c4 Qxa4 14. cxd5 Nb6 15. dxe7 Nxd5 16. Bd3 Qxa2 {½-½ (26) Ould Ahmed,S (2411)-Tashkov,R (2518) ICCF email 2011}) 10... Nd5 11. Bg5 (11. e6 $11 N7b6 12. exf7+ Kxf7 13. Re1) 11... N7b6 $17 12. Re1 Be6 13. f4 (13. Nh3 $17) 13... Qd7 $19 14. Bd3 a5 ({Black should try} 14... c5 $19 {And now ...c4 would win.} 15. dxc5 dxc5) 15. Qe2 (15. Ne2 $17 {was worth a try.}) 15... O-O-O 16. Nf3 Kb8 17. Nbd2 (17. c3 $17 bxc3 18. Nxc3) 17... Qa4 18. exd6 cxd6 19. Bxg6 $2 {[%emt 0:00:13] [#]} (19. Nc4 {was called for.} Qxa2 20. Nxb6 Nxb6 21. f5 gxf5 22. Kd2) 19... Qxa2 {[%emt 0:01:37] Black is clearly winning.} 20. f5 Na4 21. Ne4 Qxb2+ 22. Kd2 Nac3 {[%emt 0:00:15] Against Rb1} ({Not} 22... fxg6 $2 23. fxe6 Nac3 24. Qd3 $19) 23. Qd3 (23. Rb1 $142 Qxb1 24. Rxb1 Nxe2 25. Kxe2) 23... Bd7 24. Bxf7 Bb5 25. Qxb5+ Nxb5 26. Bxd5 Nxd4 {[%emt 0:00:02] Weighted Error Value: White=0.99/Black=0.24 (precise)} 0-1

[Event "Julius Baer Generation Cup Prelims 2022"]
[Site "Online"]
[Date "2022.09.14"]
[Round "2.1"]
[White "Giri, Anish"]
[Black "Carlsen, Magnus"]
[Result "1/2-1/2"]
[ECO "B08"]
[WhiteElo "2764"]
[BlackElo "2861"]
[Annotator "TA"]
[PlyCount "87"]
[EventDate "2022.09.12"]
[EventType "tourn"]
[EventCountry "NET"]
[SourceTitle "playchess.com"]
[Source "ChessBase"]
[SourceQuality "1"]
[TimeControl "900+10"]

1. e4 d6 2. d4 g6 3. Nf3 Bg7 4. Be2 Nf6 5. Nc3 O-O 6. O-O Nc6 $1 {[%emt 0:00:21][%mdl 4] 6...Nc6 is the recent fashion.} 7. d5 Nb8 8. Be3 {[%emt 0:00:27] CPLX 2.0 22 (a2-a4) (=22)} e5 {[%emt 0:01:05] CPLX 2.0 21 (c7-c6) (=21)} 9. dxe6 {[%emt 0:00:03] White is more active. CPLX 2.0 3 (Nf3-d2) (=13)} Bxe6 {[%emt 0:00:02] RECAPT} 10. Qd2 {[%emt 0:00:22] BESTDEEP} Nc6 {[%emt 0:00:10] CPLX 2.2 25 (Rf8-e8) (=15). White is better.} 11. h3 {[%emt 0:01:16] [#] RELBLUND 79 (Be3-g5) (=26)} ({Better is} 11. Bg5 $16) 11... d5 $146 {[%emt 0:02:07] BESTDEEP} ({Predecessor:} 11... Re8 12. Rad1 a6 13. Bg5 b5 14. Qf4 b4 15. Nd5 Bxd5 16. exd5 Rxe2 17. dxc6 Rxc2 18. Qxb4 {0-1 (50) Lampert,J (2544)-Lagarde,M (2604) Chess.com INT 2019}) 12. exd5 {[%emt 0:00:21] CPLX 2.8} Nxd5 {[%emt 0:00:01] RECAPT} 13. Nxd5 {[%emt 0:01:00] RECAPT 15 (Be3-g5) (=20)} Qxd5 {[%emt 0:00:02] RECAPT. The position is equal.} 14. Qxd5 {[%emt 0:00:04] CPLX 2.7 2 (Qd2-c1) (=17)} Bxd5 {[%emt 0:00:00] RECAPT} 15. c3 {[%emt 0:00:23] CPLX 2.0 13 (Rf1-d1) (=17)} Ne5 {[%emt 0:00:23] CPLX 2.0} 16. Nxe5 {[%emt 0:00:06] CPLX 2.1} Bxe5 {[%emt 0:00:01] RECAPT} 17. Rfd1 {[%emt 0:00:16] CPLX 2.0} c6 {[%emt 0:00:10] CPLX 2.1 4 (Bd5-c6) (=5)} 18. Bd4 {[%emt 0:00:40] CPLX 2.0 10 (Be2-f3) (=13)} Rfe8 {[%emt 0:00:09] [#] Threatens to win with ...Bxd4. CPLX 2.1 5 (Be5xBd4) (=5)} 19. Bf1 {[%emt 0:00:51] CPLX 2.0 6 (Bd4-e3) (=13)} Bxd4 {[%emt 0:00:05] CPLX 2.0 2 (Be5-c7) (=5)} 20. Rxd4 {[%emt 0:00:00] RECAPT} Be6 {[%emt 0:00:00] BESTDEEP} 21. b3 {[%emt 0:03:42] CPLX 2.0 9 (a2-a3) (=11)} a5 {[%emt 0:00:33] CPLX 2.0 14 (Re8-d8) (=5)} 22. Rad1 {[%emt 0:00:20] CPLX 2.0} a4 {[%emt 0:00:05] CPLX 2.0 0 (Kg8-f8) (=5)} 23. bxa4 {[%emt 0:00:34] CPLX 2.0} Bxa2 {[%emt 0:00:25] CPLX 2.0} 24. Bc4 {[%emt 0:01:02] CPLX 2.0 15 (Rd4-b4) (=10)} c5 {[%emt 0:00:50] CPLX 2.4 15 (Ra8xa4) (=5)} 25. Rf4 {[%emt 0:00:03] CPLX 2.6} Rxa4 {[%emt 0:00:09] BESTDEEP} 26. Bxf7+ {[%emt 0:00:09] EASY} Bxf7 {[%emt 0:00:00] RECAPT} 27. Rxa4 {[%emt 0:00:00][%mdl 4096] Endgame KRR-KRB. EASY} Bb3 {[%emt 0:00:00][%csl LRa4,LRd1] EASY} 28. Raa1 {[%emt 0:00:19] CPLX 2.8} Bxd1 {[%emt 0:00:01] EASY} 29. Rxd1 {[%emt 0:00:00] KR-KR. RECAPT} b5 {[%emt 0:00:13] CPLX 2.0 0 (Kg8-f7) (=4)} 30. Rd5 {[%emt 0:00:12] BESTDEEP} Re1+ {[%emt 0:00:05] CPLX 2.0 0 (Re8-c8) (=4)} 31. Kh2 {[%emt 0:00:01] LEGAL} c4 {[%emt 0:00:00] BESTDEEP} ({Much less strong is} 31... b4 32. Rxc5 b3 33. Rb5 $16) 32. Rxb5 {[%emt 0:00:02] CPLX 2.0} Rc1 {[%emt 0:00:01] EASY} 33. Rc5 {[%emt 0:00:06] CPLX 2.0 0 (Rb5-b8) (=7)} Rxc3 {[%emt 0:00:00] EASY} 34. Rc7 {[%emt 0:00:08] CPLX 2.0} h5 {[%emt 0:00:01] CPLX 2.0 0 (Rc3-a3) (=3)} 35. h4 {[%emt 0:00:03] CPLX 2.0 0 (g2-g4) (=6)} Kf8 36. Rc6 {[%emt 0:00:17] CPLX 2.0 0 (g2-g3) (=6)} Kf7 {[%emt 0:00:03] CPLX 2.0} 37. f3 {[%emt 0:00:01] CPLX 2.0 0 (g2-g3) (=6)} Rc2 {[%emt 0:00:01] CPLX 2.0} 38. Kg3 c3 39. Kf4 Rxg2 {[%emt 0:00:01] [#] White must now prevent ...c2. CPLX 2.1} 40. Rxc3 {[%emt 0:00:00] CPLX 2.2} Kf6 {[%emt 0:00:01] BESTDEEP} 41. Rc6+ {[%emt 0:00:02] CPLX 2.0 0 (Rc3-c7) (=5)} Kf7 {[%emt 0:00:00] CPLX 2.0 0 (Kf6-g7) (=3)} 42. Rc3 {[%emt 0:00:01] CPLX 2.0 0 (Rc6-c7) (=5)} Kf6 {[%emt 0:00:00] BESTDEEP} 43. Rc6+ {[%emt 0:00:01] CPLX 2.0} Kf7 {[%emt 0:00:01] CPLX 2.0 0 (Kf6-g7) (=3)} 44. Rc3 {[%emt 0:00:00] Weighted Error Value: White=0.07 (flawless) /Black=0.03 (flawless)} 1/2-1/2

[Event "Julius Baer Generation Cup Prelims 2022"]
[Site "Online"]
[Date "2022.09.14"]
[Round "2.2"]
[White "Adhiban, B.."]
[Black "Erigaisi Arjun"]
[Result "0-1"]
[ECO "D76"]
[WhiteElo "2603"]
[BlackElo "2725"]
[Annotator "ChessBase"]
[PlyCount "72"]
[EventDate "2022.09.12"]
[EventType "tourn"]
[EventCountry "NET"]
[SourceTitle "playchess.com"]
[Source "ChessBase"]
[SourceQuality "1"]
[TimeControl "900+10"]

1. c4 Nf6 2. g3 g6 3. Bg2 Bg7 4. d4 O-O 5. Nc3 Nc6 6. Nf3 d5 7. cxd5 Nxd5 8. O-O Nb6 9. d5 Na5 10. e4 c6 11. Bf4 Bxc3 12. bxc3 cxd5 13. exd5 Qxd5 14. Nd4 Qc5 15. Re1 Rd8 16. Qc1 Nac4 17. Rb1 a6 18. Nb3 Qh5 19. Bc7 Rd3 20. Qf4 Bh3 21. Bxh3 Qxh3 22. Bxb6 Nxb6 23. Nc5 Rd5 24. Rxe7 Rf5 25. Qd4 Rh5 26. Rxb6 Qxh2+ 27. Kf1 Qh1+ 28. Ke2 Rd5 29. Qe4 Qd1+ 30. Ke3 Rxc5 31. Rbxb7 Rxc3+ 32. Kf4 Qd2+ 33. Kg4 f5+ 34. Kh3 fxe4 35. Rg7+ Kf8 36. Rxh7 Qd4 0-1

[Event "Julius Baer Generation Cup Prelims 2022"]
[Site "Online"]
[Date "2022.09.14"]
[Round "2.3"]
[White "Le, Quang Liem"]
[Black "Keymer, Vincent"]
[Result "1/2-1/2"]
[ECO "A28"]
[WhiteElo "2728"]
[BlackElo "2693"]
[Annotator "ChessBase"]
[PlyCount "106"]
[EventDate "2022.09.12"]
[EventType "tourn"]
[EventCountry "NET"]
[SourceTitle "playchess.com"]
[Source "ChessBase"]
[SourceQuality "1"]
[TimeControl "900+10"]

1. c4 Nf6 2. Nc3 e5 3. Nf3 Nc6 4. e4 Bb4 5. d3 d6 6. a3 Bxc3+ 7. bxc3 O-O 8. g3 Rb8 9. a4 Ne8 10. Nh4 Ne7 11. g4 Ng6 12. Nf5 Nf4 13. Qf3 g6 14. Ng3 Qf6 15. h4 Ne6 16. Qxf6 Nxf6 17. f3 Re8 18. Ra2 Nd7 19. Be3 b6 20. d4 exd4 21. cxd4 c5 22. d5 Nd4 23. Bxd4 cxd4 24. Ne2 d3 25. Nd4 Ne5 26. Kd2 Nxc4+ 27. Kxd3 Ne5+ 28. Ke3 Bd7 29. Ba6 f5 30. gxf5 gxf5 31. Rg1+ Kh8 32. Rc2 fxe4 33. fxe4 Ng4+ 34. Rxg4 Bxg4 35. Nc6 Ra8 36. Bb7 Bf5 37. Rc4 Bxe4 38. Rxe4 Rxe4+ 39. Kxe4 Re8+ 40. Kf5 Kg7 41. Ba6 Re1 42. Bb5 a5 43. Bd3 Re3 44. Bb5 Re1 45. Ba6 Kf7 46. Kg5 Rg1+ 47. Kf5 Re1 48. Bd3 Re3 49. Bc4 Rf3+ 50. Kg5 Rg3+ 51. Kf5 Rf3+ 52. Kg5 Rg3+ 53. Kf5 Rf3+ 1/2-1/2

[Event "Julius Baer Generation Cup Prelims 2022"]
[Site "Online"]
[Date "2022.09.14"]
[Round "2.4"]
[White "Navara, David"]
[Black "Wojtaszek, Radoslaw"]
[Result "1/2-1/2"]
[ECO "C77"]
[WhiteElo "2681"]
[BlackElo "2696"]
[Annotator "ChessBase"]
[PlyCount "73"]
[EventDate "2022.09.12"]
[EventType "tourn"]
[EventCountry "NET"]
[SourceTitle "playchess.com"]
[Source "ChessBase"]
[SourceQuality "1"]
[TimeControl "900+10"]

1. e4 e5 2. Nf3 Nc6 3. Bb5 a6 4. Ba4 Nf6 5. O-O Be7 6. d3 b5 7. Bb3 d6 8. a3 O-O 9. Nc3 h6 10. Be3 Re8 11. h3 Bf8 12. a4 b4 13. Nd5 Na5 14. Ba2 Nxd5 15. exd5 c6 16. d4 cxd5 17. Bxd5 Bb7 18. Bxb7 Nxb7 19. Nd2 Na5 20. Qf3 Rc8 21. Rac1 exd4 22. Bxd4 Nc6 23. Be3 Ne5 24. Qd5 Qd7 25. b3 Qc6 26. Qxc6 Rxc6 27. Bd4 Rec8 28. Bxe5 dxe5 29. Nc4 f6 30. Rfd1 Bc5 31. Rd7 Bd4 32. Rd1 R6c7 33. Rd6 Rc6 34. Rd7 R6c7 35. Rd5 Rc5 36. Rd6 R5c6 37. Rd7 1/2-1/2

[Event "Julius Baer Generation Cup Prelims 2022"]
[Site "Online"]
[Date "2022.09.14"]
[Round "2.5"]
[White "Niemann, Hans Moke"]
[Black "Yoo, Christopher Woojin"]
[Result "1-0"]
[ECO "B40"]
[WhiteElo "2688"]
[BlackElo "2563"]
[Annotator "ChessBase"]
[PlyCount "161"]
[EventDate "2022.09.12"]
[EventType "tourn"]
[EventCountry "NET"]
[SourceTitle "playchess.com"]
[Source "ChessBase"]
[SourceQuality "1"]
[TimeControl "900+10"]

1. e4 c5 2. Nf3 e6 3. g3 Nc6 4. Bg2 d5 5. exd5 exd5 6. O-O Nf6 7. d4 Bg4 8. Re1+ Be7 9. h3 Bxf3 10. Qxf3 cxd4 11. Qb3 Qd7 12. Bg5 O-O 13. Bxf6 Bxf6 14. Qxd5 Qxd5 15. Bxd5 Nb4 16. Bb3 Rfc8 17. Na3 a5 18. Ba4 b5 19. Bxb5 Nxc2 20. Nxc2 Rxc2 21. Re2 d3 22. Bxd3 Rxe2 23. Bxe2 Bxb2 24. Rd1 Bf6 25. Rd7 Kf8 26. Bc4 Be7 27. a4 Rc8 28. Bb3 Rb8 29. Ra7 g6 30. Bd5 Rb2 31. Rxa5 Bd8 32. Ra8 Ke7 33. Ra7+ Kd6 34. Rxf7 Bb6 35. Bc4 Rc2 36. Rf6+ Kc7 37. Bg8 h5 38. Bf7 h4 39. Bxg6 Rc1+ 40. Kg2 hxg3 41. fxg3 Rg1+ 42. Kh2 Ra1 43. Be4 Bd4 44. Rc6+ Kd7 45. Rc2 Be5 46. Bc6+ Ke7 47. Rf2 Ra3 48. Rf3 Ra2+ 49. Kg1 Ra1+ 50. Kf2 Kd6 51. Be8 Bd4+ 52. Ke2 Ra2+ 53. Kd3 Ke5 54. Kc4 Rc2+ 55. Kb4 Rh2 56. g4 Bf2 57. Kb5 Bd4 58. a5 Rb2+ 59. Ka6 Rc2 60. Rf5+ Kd6 61. Bf7 Be5 62. g5 Rc6+ 63. Kb5 Rc5+ 64. Ka4 Rc1 65. g6 Ra1+ 66. Kb5 Bc3 67. Kc4 Bg7 68. Kb5 Rb1+ 69. Ka6 Rb8 70. h4 Bd4 71. Bd5 Be5 72. Bb7 Ke6 73. Rg5 Bf6 74. Bd5+ Kd6 75. Rf5 Be5 76. Bf3 Ke6 77. Rf7 Bf6 78. h5 Rd8 79. h6 Rd6+ 80. Kb5 Rd3 81. Bg4+ 1-0

[Event "Julius Baer Generation Cup Prelims 2022"]
[Site "Online"]
[Date "2022.09.14"]
[Round "2.6"]
[White "Aronian, Levon"]
[Black "Gelfand, Boris"]
[Result "1-0"]
[ECO "A05"]
[WhiteElo "2759"]
[BlackElo "2668"]
[Annotator "ChessBase"]
[PlyCount "101"]
[EventDate "2022.09.12"]
[EventType "tourn"]
[EventCountry "NET"]
[SourceTitle "playchess.com"]
[Source "ChessBase"]
[SourceQuality "1"]
[TimeControl "900+10"]

1. Nf3 c5 2. b3 Nf6 3. Bb2 g6 4. Bxf6 exf6 5. c4 d5 6. cxd5 Qxd5 7. Nc3 Qd8 8. g3 Nc6 9. Bg2 Be7 10. O-O O-O 11. Rc1 Rb8 12. Ne1 Bf5 13. Bxc6 bxc6 14. Na4 Qa5 15. d3 Rfd8 16. Ng2 Be6 17. Nf4 Bg4 18. Qe1 Qa6 19. Rc2 Bd6 20. Qc3 Bxf4 21. gxf4 Qc8 22. f3 Bh3 23. Rfc1 Qf5 24. Qd2 Rd4 25. Rxc5 Qxf4 26. Qxf4 Rxf4 27. Rxc6 Bd7 28. R6c4 Rf5 29. h4 Ra5 30. Nc5 Be6 31. Nxe6 fxe6 32. R1c2 Rb7 33. Kf2 Kg7 34. d4 Kh6 35. Rc6 Re7 36. a4 Rd5 37. e3 Kh5 38. Kg3 g5 39. hxg5 Rxg5+ 40. Kf2 Kg6 41. Rc7 Rxc7 42. Rxc7 Ra5 43. Rc5 Ra6 44. a5 Rd6 45. b4 a6 46. Kg3 h5 47. Kh4 Rd7 48. Rc6 Rb7 49. Rb6 Rc7 50. Rxa6 Rc1 51. Rxe6 1-0

[Event "Julius Baer Generation Cup Prelims 2022"]
[Site "Online"]
[Date "2022.09.14"]
[Round "2.7"]
[White "Praggnanandhaa R"]
[Black "Duda, Jan-Krzysztof"]
[Result "1-0"]
[ECO "D00"]
[WhiteElo "2676"]
[BlackElo "2731"]
[Annotator "ChessBase"]
[PlyCount "155"]
[EventDate "2022.09.12"]
[EventType "tourn"]
[EventCountry "NET"]
[SourceTitle "playchess.com"]
[Source "ChessBase"]
[SourceQuality "1"]
[TimeControl "900+10"]

1. d4 d5 2. Nc3 Nf6 3. Bf4 e6 4. Nb5 Bd6 5. Nxd6+ cxd6 6. c3 Nc6 7. Nf3 Ne4 8. g3 a5 9. Bg2 a4 10. Nd2 Nxd2 11. Bxd2 b5 12. e4 Bb7 13. Qg4 Qf6 14. Qe2 O-O 15. Qxb5 Rfb8 16. exd5 Nxd4 17. Qd3 Qe5+ 18. Kd1 Bxd5 19. cxd4 Qh5+ 20. f3 Rxb2 21. Ke2 f5 22. Kf2 f4 23. Rhb1 a3 24. Rxb2 axb2 25. Rb1 Qxh2 26. Bxf4 Rf8 27. Rxb2 g5 28. Bxd6 g4 29. Bxf8 gxf3 30. Rb8 Kf7 31. Qxf3+ Bxf3 32. Kxf3 Qh5+ 33. Kf2 Qf5+ 34. Kg1 Qd3 35. Bc5 Qe3+ 36. Kf1 Qd3+ 37. Kf2 Qd2+ 38. Kf3 Qd3+ 39. Kg4 Qf5+ 40. Kh4 Qf6+ 41. Kh3 Qh6+ 42. Kg4 Qg6+ 43. Kf4 Qh6+ 44. Kf3 Qh5+ 45. Kf2 Qf5+ 46. Kg1 Qd3 47. Rf8+ Kg7 48. Rf3 Qb1+ 49. Bf1 Qxa2 50. Bd6 h5 51. Be5+ Kg6 52. Rf2 Qb1 53. Rf6+ Kg5 54. Rxe6 h4 55. gxh4+ Kxh4 56. Rf6 Qd1 57. Rf4+ Kg5 58. Kh2 Qd2+ 59. Bg2 Qe3 60. Re4 Qd3 61. Bg3 Kg6 62. Rf4 Qe2 63. d5 Qh5+ 64. Rh4 Qd1 65. d6 Kg7 66. Rf4 Qh5+ 67. Bh3 Qe2+ 68. Rf2 Qd3 69. d7 Qd4 70. Rg2 Kf7 71. Bc7 Qc5 72. Bg3 Qd4 73. Re2 Qd3 74. Bg4 Kg7 75. Bc7 Qh7+ 76. Kg2 Qh4 77. Re4 Kf7 78. Be6+ 1-0

[Event "Julius Baer Generation Cup Prelims 2022"]
[Site "Online"]
[Date "2022.09.14"]
[Round "3.2"]
[White "Duda, Jan-Krzysztof"]
[Black "Saric, Ivan"]
[Result "1-0"]
[ECO "E90"]
[WhiteElo "2731"]
[BlackElo "2668"]
[Annotator "ChessBase"]
[PlyCount "81"]
[EventDate "2022.09.12"]
[EventType "tourn"]
[EventCountry "NET"]
[SourceTitle "playchess.com"]
[Source "ChessBase"]
[SourceQuality "1"]
[TimeControl "900+10"]

1. d4 Nf6 2. c4 g6 3. Nc3 Bg7 4. e4 d6 5. h3 e5 6. d5 a5 7. Be3 Na6 8. Nf3 O-O 9. g4 Nd7 10. g5 Ndc5 11. h4 Bg4 12. Be2 f5 13. Nh2 Bxe2 14. Qxe2 fxe4 15. O-O-O Qd7 16. h5 Qf5 17. Kb1 Nd3 18. h6 Bh8 19. Rd2 Rae8 20. Rg1 Nac5 21. Nf1 Qf3 22. Ng3 b6 23. Bxc5 Nxc5 24. Ngxe4 Nxe4 25. Nxe4 Qxe2 26. Rxe2 Rf4 27. Rg3 Ref8 28. Kc2 Kf7 29. Kb3 Ke7 30. Ka4 Kd7 31. Kb5 Rh4 32. a3 Rff4 33. Rge3 Rh1 34. Re1 Rxe1 35. Rxe1 Rh4 36. b3 Rh3 37. Re3 Rh1 38. Rf3 Re1 39. Rf7+ Ke8 40. Rxh7 Rxe4 41. Rxh8+ 1-0

[Event "Julius Baer Generation Cup Prelims 2022"]
[Site "Online"]
[Date "2022.09.14"]
[Round "3.3"]
[White "Gelfand, Boris"]
[Black "Praggnanandhaa R"]
[Result "0-1"]
[ECO "E04"]
[WhiteElo "2668"]
[BlackElo "2676"]
[Annotator "ChessBase"]
[PlyCount "82"]
[EventDate "2022.09.12"]
[EventType "tourn"]
[EventCountry "NET"]
[SourceTitle "playchess.com"]
[Source "ChessBase"]
[SourceQuality "1"]
[TimeControl "900+10"]

1. d4 Nf6 2. c4 e6 3. Nf3 d5 4. g3 dxc4 5. Bg2 a6 6. Ne5 Bb4+ 7. Nc3 Nd5 8. O-O O-O 9. Ne4 b5 10. b3 cxb3 11. axb3 Bb7 12. Qc2 h6 13. Nd3 Nd7 14. Bd2 Bxd2 15. Qxd2 Ne7 16. Rfc1 Ra7 17. Nec5 Bxg2 18. Kxg2 Nxc5 19. Nxc5 e5 20. Rd1 exd4 21. Qxd4 Qxd4 22. Rxd4 a5 23. e4 Rfa8 24. e5 Nc6 25. Re4 Nd8 26. Rd4 Nb7 27. Nxb7 Rxb7 28. Rc1 a4 29. bxa4 bxa4 30. Ra1 a3 31. Rd3 a2 32. Rd2 Rba7 33. f4 Kf8 34. Kh3 c5 35. Rc2 Ra5 36. Kg4 Ke7 37. h4 Kd7 38. Kf5 Kc6 39. e6 fxe6+ 40. Kxe6 Ra3 41. g4 Rf8 0-1

[Event "Julius Baer Generation Cup Prelims 2022"]
[Site "Online"]
[Date "2022.09.14"]
[Round "3.4"]
[White "Yoo, Christopher Woojin"]
[Black "Aronian, Levon"]
[Result "1/2-1/2"]
[ECO "C47"]
[WhiteElo "2563"]
[BlackElo "2759"]
[Annotator "ChessBase"]
[PlyCount "87"]
[EventDate "2022.09.12"]
[EventType "tourn"]
[EventCountry "NET"]
[SourceTitle "playchess.com"]
[Source "ChessBase"]
[SourceQuality "1"]
[TimeControl "900+10"]

1. e4 e5 2. Nf3 Nc6 3. d4 exd4 4. Nxd4 Nf6 5. Nc3 Bb4 6. Nxc6 bxc6 7. Bd3 O-O 8. O-O Re8 9. Bg5 h6 10. Bh4 Bxc3 11. bxc3 g5 12. Bg3 Nxe4 13. f4 d6 14. Qh5 Bf5 15. Be1 Re6 16. fxg5 Bg6 17. Qxh6 Qxg5 18. Qxg5 Nxg5 19. Rb1 Rae8 20. Bh4 Bxd3 21. cxd3 Rg6 22. Rb7 Re2 23. Rxc7 Rxg2+ 24. Kxg2 Ne6+ 25. Bg3 Nxc7 26. c4 Ne6 27. Rf5 Nc5 28. d4 Ne4 29. Ra5 Nxg3 30. hxg3 Rg4 31. d5 Rxc4 32. dxc6 Rxc6 33. Rxa7 Rc3 34. a4 d5 35. Rd7 Ra3 36. Rxd5 Rxa4 37. Kf3 Kf8 38. Rf5 Kg8 39. Rf4 Rxf4+ 40. Kxf4 Kg7 41. Kf5 f6 42. g4 Kf7 43. g5 fxg5 44. Kxg5 1/2-1/2